 Dungeon Crawl Stone Soup version 0.30-a0-726-gd89dcf765f (webtiles) character file.

Game seed: 6288041615284884856

506 scionoferis the Shooter (level 6, -1/69 HPs)
             Began as a Demigod Hexslinger on Jan 29, 2023.
             Engulfed by a cloud of steam (2 damage)
             ... on level 4 of the Dungeon.
             The game lasted 00:11:40 (3708 turns).

scionoferis the Shooter (Demigod Hexslinger)        Turns: 3708, Time: 00:11:41

Health: -1/69      AC:  8    Str: 11    XL:     6   Next: 64%
Magic:  10/10      EV: 14    Int: 15    God:
Gold:   176        SH:  0    Dex: 22    Spells: 6/7 levels left

rFire   . . .      SeeInvis +    a - +0 dagger (drain)
rCold   . . .      Faith    .    (no shield)
rNeg    . . .      Spirit   .    c - +0 robe
rPois   .          Reflect  .    d - +0 helmet
rElec   .          Harm     .    e - +0 cloak
rCorr   .          Rampage  .    (no gloves)
Will    .....                    (no boots) Stlth
                                 t - amulet of the acrobat
HPRegen 0.31/turn                q - +4 ring of protection
MPRegen 0.12/turn                y - ring of see invisible

@: berserking, attractive, very quick
A: high MP 1, forlorn, divine attributes
a: no special abilities


You were on level 4 of the Dungeon.
You visited 1 branch of the dungeon, and saw 5 of its levels.

You collected 176 gold pieces.


Innate Abilities, Weirdness & Mutations

You have an increased reservoir of magic. (+10% MP)
You shall have no god before yourself.
Your divine heritage dramatically boosts your attributes as you level up.


   Skills:
 - Level 0.8 Fighting
 * Level 5.1 Ranged Weapons
 + Level 3.6 Dodging
 + Level 3.3 Stealth
 - Level 1.0 Spellcasting
 - Level 2.6 Hexes


You had 6 spell levels left.
You knew the following spells:

 Your Spells              Type           Power      Damage    Failure   Level
a - Slow                  Hex            32%        N/A       9%          1

Your spell library contained the following spells:

 Spells                   Type           Power      Damage    Failure   Level
 Cigotuvi's Dreadful Rot  Necr/Pois/Air  0%         N/A       36%         2
 Poisonous Vapours        Pois/Air       0%         N/A       36%         2
 Inner Flame              Hex/Fire       4%         N/A       38%         3
 Portal Projectile        Hex/Tloc       8%         N/A       38%         3
 Mephitic Cloud           Conj/Pois/Air  0%         N/A       58%         3
 Swiftness                Air            0%         N/A       58%         3
 Cause Fear               Hex            4%         N/A       63%         4
 Arcjolt                  Conj/Air       0%         1d10      100%        5

Inventory:

Hand Weapons
 a - a +0 dagger of draining (weapon)
   (You took it off a goblin on level 1 of the Dungeon)
 b - a +1 sling
 n - a +0 quarterstaff
   (You found it on level 2 of the Dungeon)
Missiles
 g - 4 poisoned darts (quivered)
 k - 9 boomerangs
Armour
 c - a +0 robe (worn)
 d - a +0 helmet (worn)
   (You found it on level 1 of the Dungeon)
 e - a +0 cloak (worn)
   (You found it on level 1 of the Dungeon)
Jewellery
 q - a +4 ring of protection (left hand)
   (You found it on level 3 of the Dungeon)
 t - an amulet of the acrobat (around neck)
   (You found it on level 3 of the Dungeon)
 x - a ring of ice
   (You found it on level 4 of the Dungeon)
 y - a ring of see invisible (right hand)
   (You took it off an orc on level 4 of the Dungeon)
Scrolls
 f - a scroll of poison
 i - 2 scrolls of amnesia {unknown}
 j - 2 scrolls of fear {unknown}
 m - a scroll of fog {unknown}
 p - 3 scrolls of enchant weapon {unknown}
 r - a scroll of butterflies {unknown}
 s - 2 scrolls of identify {unknown}
 w - a scroll of teleportation {unknown}
Potions
 h - a potion of curing {unknown}
 l - a potion of attraction
 o - a potion of berserk rage
 u - 2 potions of invisibility {unknown}
 v - a potion of might {unknown}
 z - a potion of flight {unknown}

Dungeon Overview and Level Annotations

Branches:
Dungeon (5/15)
 Temple: D:4-7

Annotations:
D:4 Natasha

........#.......### #...
........#.#..##.# #...
..............#># #...
........'.#.#.#.## #...
........#........#### #...
........#.#.#.#.§...# #...
........#....#..§.#### #...
.########.#.#.#.#§...#########...
.# ##.......@.h.....)........ .#
#..#......r#§.############ .#
#...............§......... .#
#..#.#.....#.#r########### .#
#...........#...........# .#
#..#.#.#...#.#.#........## .#
#...#......)..#....)...... ##
#..#.#.#.#.#.#.#.#........
#..............).........§


You could see Natasha and a quokka.


Message History

You shoot a sling bullet. The sling bullet hits the worm!
The worm is heavily wounded.
You shoot a sling bullet. The sling bullet hits the worm.
The worm is almost dead.
You sense an unholy aura.
a - a +0 dagger of draining (weapon)
You hit the worm.
The worm is almost dead.
The worm barely misses you.
You hit the worm.
You kill the worm!
No target in view!
b - a +1 sling (weapon)
You see here a bat corpse.
o - 2 bubbling puce potions (gained 1)
r - a scroll labelled JIMUNI ZAROW YTI You now have 74 gold pieces (gained 16).
Found 4 stones.
Found an escape hatch in the floor.
No target in view!
No target in view!
A ball python comes into view.
You shoot a sling bullet. The sling bullet hits the ball python!
You kill the ball python!
No target in view!
No target in view!
You now have 89 gold pieces (gained 15).
You pick up the Tome of Breath and begin reading...
You add the spells Swiftness and Arcjolt to your library.
s - 2 scrolls labelled KAOBAT EPEPLU An adder comes into view.
You shoot a sling bullet. The sling bullet hits the adder.
The adder hisses angrily.
The adder is severely wounded.
You shoot a sling bullet. The sling bullet hits the adder!
You kill the adder!
You sense an unholy aura.
a - a +0 dagger of draining (weapon)
b - a +1 sling (weapon)
You see here an adder corpse.
Found 3 stones.
You see here 3 stones.
Found a stone staircase leading up.
A frilled lizard comes into view.
You shoot a sling bullet.
The sling bullet hits the frilled lizard but does no damage.
The frilled lizard hisses angrily.
You shoot a sling bullet.
The sling bullet barely misses the frilled lizard.
You shoot a sling bullet.
The sling bullet closely misses the frilled lizard.
You shoot a sling bullet.
The sling bullet hits the frilled lizard.
You kill the frilled lizard!
No target in view!
No target in view!
You open the door.
There is an open door here.
Found 5 stones.
Found a stone staircase leading up.
Found a dagger.
Found a bloodstained altar of Trog.
There is a stone staircase leading up here.
t - an amulet of the acrobat You start putting on your amulet.
You continue putting on your amulet of the acrobat. x5
You finish putting on your amulet of the acrobat.
You feel ready to tumble and roll out of harm's way.
t - an amulet of the acrobat (around neck)
A quokka comes into view.
You shoot a sling bullet. The sling bullet hits the quokka!
You kill the quokka!
No target in view!
No target in view!
You now have 97 gold pieces (gained 8).
Found an escape hatch in the ceiling.
There is an escape hatch in the ceiling here.
You open the door.
There is an open door here.
You enter the shallow water.
Moving in this stuff is going to be slow.
You enter the shallow water.
Moving in this stuff is going to be slow.
There is an open door here.
There is an open door here.
You see here a bat skeleton.
You open the door.
Found a stone staircase leading down.
There is an open door here.
You enter the shallow water.
Moving in this stuff is going to be slow.
Done exploring.
Search for what [Enter for "staff", or ? for help]? d: Unknown command.
You enter the shallow water.
Moving in this stuff is going to be slow.
You see here 5 stones.
Things that are here:
a +3 hand axe; a +0 leather armour
There is a stone staircase leading down here.
You climb downwards.
There is a stone staircase leading up here.
p - 2 scrolls labelled MICLEE XISOI (gained 1)
A steam dragon comes into view.
Okay, then.
Unknown command.
There is a stone staircase leading up here.
You climb upwards.
There is a stone staircase leading down here.
There is a stone staircase leading down here.
You climb downwards.
Level annotation: exclusion: steam dragon The kobold shouts!
The orc shouts! x3; The goblin shouts!
There is a stone staircase leading up here.
The orc barely misses you.
You climb upwards.
There is a stone staircase leading down here.
You sense an unholy aura.
a - a +0 dagger of draining (weapon)
The orc hits you with a +0 hand axe. The orc hits you with a +0 flail.
You hit the orc but do no damage. Your punch misses the orc.
The orc hits you with a +0 hand axe. The orc hits you but does no damage.
You barely miss the orc. The orc hits you but does no damage.
The orc barely misses you.
You closely miss the orc. The orc barely misses you.
The orc hits you but does no damage. The orc barely misses you.
The orc completely misses you. The orc attacks as you move away!
The orc barely misses you. The orc hits you with a +0 hand axe.
The orc attacks as you move away! The orc completely misses you.
You completely miss the orc. The orc closely misses you.
You hit the orc.
The orc is heavily wounded.
The orc hits you but does no damage.
You hit the orc.
The orc is heavily wounded.
The orc misses you.
You barely miss the orc.
The orc is heavily wounded.
The orc closely misses you.
You hit the orc but do no damage. You drain the orc.
You kill the orc!
You barely miss the orc. The orc completely misses you.
You closely miss the orc. The orc hits you with a +0 flail.
You hit the orc.
The orc is heavily wounded.
The orc barely misses you.
You hit the orc but do no damage.
The orc is heavily wounded.
The orc barely misses you.
You hit the orc but do no damage.
The orc is heavily wounded.
The orc closely misses you.
You hit the orc.
You kill the orc!
k - 9 boomerangs (gained 3)
Items here: )) [ †.
Items here: )) [ †.
There is an open door here.
There is an open door here.
There is an open door here.
There is an iron altar of Okawaru here.
HP restored.
There is an open door, spattered with blood here.
There is a stone staircase leading down here.
You climb downwards.
Level annotation: exclusion: steam dragon
There is a stone staircase leading up here.
b - a +1 sling (weapon)
3 orcs come into view.
The orc shouts!
You hear a shout!
An orc comes into view. It is wielding a +0 club.
The orc moves out of view.
You shoot a sling bullet. The orc shouts!
The sling bullet hits the orc!
You kill the orc!
You hear a shout!
An orc priest comes into view. It is wielding a +1 whip of venom.
The orc priest shouts!
You hear a shout!
Your Stealth skill increases to level 2!
Press: ? - help, v - describe, . - travel The floor.
There is a stone staircase leading up here.
Fire: b) +1 sling
Press: ? - help, Q - select action, (/) - cycle Shift-Dir - straight line, f - orc priest
Aim: an orc priest, wielding a +1 whip of venom and wearing a +0 leather armour (60% to hit)
You shoot a sling bullet. The sling bullet hits the orc.
The orc is lightly wounded.
An orc comes into view. It is wielding a +0 flail.
Fire: b) +1 sling
Press: ? - help, Q - select action, (/) - cycle Shift-Dir - straight line, f/p - orc priest
Aim: an orc priest, wielding a +1 whip of venom and wearing a +0 leather armour (60% to hit)
You shoot a sling bullet. The sling bullet hits the orc.
The orc is heavily wounded.
The orc priest mumbles some strange prayers to Beogh against you.
Beogh smites you!
Fire: b) +1 sling
Press: ? - help, Q - select action, (/) - cycle Shift-Dir - straight line, f/p - orc priest
Aim: an orc priest, wielding a +1 whip of venom and wearing a +0 leather armour (60% to hit)
You shoot a sling bullet. The sling bullet barely misses the orc.
The sling bullet closely misses the orc priest.
An orc comes into view. It is wielding a +0 dagger.
An orc comes into view. It is wielding a +0 club.
Fire: b) +1 sling
Press: ? - help, Q - select action, (/) - cycle Shift-Dir - straight line, f - orc
Aim: an orc, wielding a +0 club (60% to hit)
You shoot a sling bullet. The sling bullet hits the orc.
The orc is heavily wounded.
A goblin comes into view. It is wielding a +0 club.
An orc comes into view. It is wielding a +0 flail.
The orc closely misses you.
You climb upwards.
There is a stone staircase leading down here.
You sense an unholy aura.
a - a +0 dagger of draining (weapon)
You hit the orc but do no damage. You drain the orc.
You kill the orc!
No target in view!
You start resting.
HP restored.
There is an open door, spattered with blood here.
There is an open door here.
There is a stone staircase leading down here.
You climb downwards.
Level annotation: exclusion: steam dragon
There is a stone staircase leading up here.
Unknown command.
You climb upwards.
There is a stone staircase leading down here.
Items here: )) [ ÷.
There is a stone staircase leading down, spattered with blood here.
You climb downwards.
Level annotation: exclusion: steam dragon
There is a stone staircase leading up here.
The orc closely misses you.
You climb upwards.
There is a stone staircase leading down, spattered with blood here.
You hit the orc.
The orc is moderately wounded.
The orc barely misses you.
You hit the orc. You drain the orc.
You kill the orc!
You see here a +0 mace.
Items here: )) [ ÷.
Items here: )) [ ÷.
You see here a +0 mace.
There is a stone staircase leading down, spattered with blood here.
You start waiting.
Done waiting.
You climb downwards.
Level annotation: exclusion: steam dragon The kobold shouts!
The kobold misses you. The goblin closely misses you.
There is a stone staircase leading up here.
The kobold hits you with a +0 dagger. The goblin closely misses you.
You climb upwards.
There is a stone staircase leading down, spattered with blood here.
You hit the kobold.
You kill the kobold!
The goblin hits you but does no damage. The goblin hits you but does no damage.
Things that are here:
a +0 dagger; 2 stones; a kobold corpse You hit the goblin.
The goblin is moderately wounded.
The goblin hits you but does no damage.
You hit the goblin.
The goblin is severely wounded.
The goblin barely misses you.
You hit the goblin.
You kill the goblin!
Things that are here:
a +0 dagger; a +0 mace; a goblin corpse
Things that are here:
a +0 dagger; 2 stones; a kobold corpse
There is a stone staircase leading down, spattered with blood here.
You start resting.
HP restored.
You climb downwards.
Level annotation: exclusion: steam dragon The orc closely misses you.
The phantom hits you.
The phantom blinks!
You blink.
The phantom closely misses you.
You can't go up here!
You closely miss the phantom. The phantom completely misses you.
You hit the phantom but do no damage.
The phantom hits you but does no damage.
You barely miss the phantom. The phantom barely misses you.
You hit the orc. You drain the orc.
You kill the orc!
The phantom hits you but does no damage.
You hit the phantom.
The phantom is lightly damaged.
The phantom barely misses you.
You hit the phantom but do no damage.
The phantom is lightly damaged.
The phantom hits you but does no damage.
Unknown command.
n - a +0 quarterstaff (weapon)
You hit the phantom but do no damage.
The phantom is lightly damaged.
The phantom hits you.
You miss the phantom.
The phantom is lightly damaged.
The phantom completely misses you. The phantom closely misses you.
You barely miss the phantom.
The phantom is lightly damaged.
The phantom hits you.
You closely miss the phantom.
The phantom is lightly damaged.
The phantom closely misses you.
You hit the phantom.
The phantom is lightly damaged.
The phantom hits you.
The phantom blinks!
You blink.
The phantom barely misses you.
You closely miss the phantom.
The phantom is lightly damaged.
The phantom misses you.
You hit the phantom but do no damage.
The phantom is lightly damaged.
The phantom barely misses you.
You hit the phantom.
The phantom is moderately damaged.
The phantom hits you.
You closely miss the phantom.
The phantom is moderately damaged.
The phantom hits you but does no damage. x2
You closely miss the phantom.
The phantom is moderately damaged.
The phantom hits you.
The phantom blinks!
You blink.
You thump the phantom!
The phantom is heavily damaged.
The phantom hits you.
The phantom blinks!
You blink.
You closely miss the phantom.
The phantom is heavily damaged.
The phantom misses you. The phantom closely misses you.
You barely miss the phantom.
The phantom is heavily damaged.
The phantom hits you but does no damage.
You hit the phantom but do no damage.
The phantom is heavily damaged.
The phantom hits you but does no damage.
You closely miss the phantom.
The phantom is heavily damaged.
The phantom closely misses you.
The phantom hits you but does no damage.
You barely miss the phantom.
The phantom is heavily damaged.
The phantom hits you.
You barely miss the phantom.
The phantom is heavily damaged.
The phantom hits you but does no damage.
You barely miss the phantom.
The phantom is heavily damaged.
The phantom barely misses you.
You miss the phantom.
The phantom is heavily damaged.
The phantom hits you.
The phantom blinks!
You blink.
The phantom hits you but does no damage.
You are too injured to fight recklessly!
You are too injured to fight recklessly!
You are too injured to fight recklessly!
You barely miss the phantom.
The phantom is heavily damaged.
The phantom hits you.
The phantom blinks!
You blink.
You barely miss the phantom.
The phantom is heavily damaged.
The phantom misses you.
You hit the phantom but do no damage.
The phantom is heavily damaged.
The phantom hits you but does no damage.
The phantom closely misses you.
You barely miss the phantom.
The phantom is heavily damaged.
The phantom barely misses you.
You sock the phantom!
The phantom is almost destroyed.
The phantom hits you but does no damage.
You completely miss the phantom.
The phantom is almost destroyed.
The phantom hits you.
The phantom blinks!
You blink.
The phantom barely misses you. The phantom barely misses you.
You miss the phantom.
The phantom is severely damaged.
The phantom misses you.
You hit the phantom.
The phantom is almost destroyed.
The phantom barely misses you.
You hit the phantom.
You destroy the phantom!
Your Ranged Weapons skill increases to level 4!
Your Dodging skill increases to level 3!
You have reached level 5!
Things that are here:
a +0 falchion; a +0 scale mail
There is a stone staircase leading up here.
You sense an unholy aura.
a - a +0 dagger of draining (weapon)
You start resting.
HP restored.
b - a +1 sling (weapon)
You open the door.
An endoplasm comes into view.
You sense an unholy aura.
a - a +0 dagger of draining (weapon)
There is an open door here.
The helpless endoplasm fails to defend itself.
You puncture the endoplasm!
You kill the endoplasm!
b - a +1 sling (weapon)
Found a stone staircase leading down.
Natasha and a goblin come into view.
Found 2 sapphire potions.
You shoot a sling bullet. The sling bullet hits the goblin!
You kill the goblin!
You sense an unholy aura.
a - a +0 dagger of draining (weapon)
A scorpion comes into view.
The helpless scorpion fails to defend itself.
You puncture the scorpion! You drain the scorpion.
The scorpion is severely wounded.
The scorpion stings you.
You hit the scorpion but do no damage. You drain the scorpion.
The scorpion is severely wounded.
The scorpion misses you.
You hit the scorpion but do no damage.
The scorpion is severely wounded.
The scorpion stings you but does no damage. x2
You barely miss the scorpion.
The scorpion is severely wounded.
The scorpion stings you but does no damage.
You barely miss the scorpion.
The scorpion is severely wounded.
The scorpion misses you.
You barely miss the scorpion.
The scorpion is severely wounded.
The scorpion closely misses you.
You barely miss the scorpion.
The scorpion is severely wounded.
The scorpion stings you but does no damage.
You barely miss the scorpion.
The scorpion is severely wounded.
The scorpion stings you but does no damage.
The scorpion misses you.
You barely miss the scorpion.
The scorpion is severely wounded.
The scorpion stings you but does no damage.
You hit the scorpion. You drain the scorpion.
The scorpion is almost dead.
The scorpion closely misses you.
You completely miss the scorpion.
The scorpion is almost dead.
The scorpion barely misses you.
You barely miss the scorpion.
You punch the scorpion, but do no damage.
The scorpion is almost dead.
The scorpion stings you but does no damage.
You hit the scorpion but do no damage.
The scorpion is almost dead.
The scorpion stings you. x2
You hit the scorpion. You drain the scorpion.
You kill the scorpion!
You start resting.
HP restored.
You open the door.
There is an open door here.
The helpless Natasha fails to defend herself.
You puncture Natasha! You drain Natasha.
You kill Natasha!
Natasha screams in pain as she dies!
b - a +1 sling (weapon)
You see here the felid corpse of Natasha.
u - 2 sapphire potions You shoot a sling bullet.
The orc shouts! x2
The sling bullet hits the orc.
The orc is heavily wounded.
You hear a shout! x2
You shoot a sling bullet. The sling bullet hits the orc.
You kill the orc!
You shoot a sling bullet.
The sling bullet hits the orc but does no damage.
You shoot a sling bullet. The sling bullet barely misses the orc.
You shoot a sling bullet. The sling bullet barely misses the orc.
You shoot a sling bullet.
The sling bullet completely misses the orc.
The orc hits you with a +0 dagger.
You sense an unholy aura.
a - a +0 dagger of draining (weapon)
You hit the orc but do no damage. You drain the orc.
The orc is heavily wounded.
The orc hits you but does no damage.
You closely miss the orc.
The orc is heavily wounded.
The orc misses you.
You hit the orc. You drain the orc.
You kill the orc!
b - a +1 sling (weapon)
You shoot a sling bullet.
The sling bullet barely misses the goblin.
The goblin shouts!
You hear a shout!
You shoot a sling bullet.
The sling bullet closely misses the goblin.
You shoot a sling bullet. The sling bullet hits the goblin.
The goblin is moderately wounded.
You shoot a sling bullet.
The sling bullet barely misses the goblin.
You shoot a sling bullet. The sling bullet hits the goblin.
The goblin is severely wounded.
You sense an unholy aura.
a - a +0 dagger of draining (weapon)
You barely miss the goblin.
The goblin is severely wounded.
The goblin hits you with a +0 club.
You hit the goblin.
You kill the goblin!
b - a +1 sling (weapon)
No target in view!
Unknown command.
You see here the felid corpse of Natasha.
There is an open door here.
You shoot a sling bullet.
The sling bullet closely misses the orc.
You shoot a sling bullet.
The sling bullet hits the orc but does no damage.
You shoot a sling bullet. The sling bullet hits the orc.
The orc is severely wounded.
You shoot a sling bullet. The sling bullet hits the orc.
You kill the orc!
You sense an unholy aura.
a - a +0 dagger of draining (weapon)
b - a +1 sling (weapon)
There is a stone staircase leading down here.
You now have 102 gold pieces (gained 5).
You see here a +0 club.
Things that are here:
a +0 dagger; an orc corpse
Things that are here:
a +0 club; 14 gold pieces; an orc corpse You shoot a sling bullet.
The orc shouts!
The sling bullet hits the orc but does no damage.
A kobold comes into view. It is wielding a +0 whip.
The kobold shouts!
Things that are here:
a +0 dagger; an orc corpse You see here a +0 club.
You shoot a sling bullet.
The sling bullet hits the kobold but does no damage.
You shoot a sling bullet.
The sling bullet barely misses the kobold.
You sense an unholy aura.
a - a +0 dagger of draining (weapon)
You hit the kobold.
You kill the kobold!
No target in view!
Things that are here:
a +0 flail; a +0 ring mail; an orc corpse You see here the felid corpse of Natasha.
There is an open door here.
b - a +1 sling (weapon)
You shoot a sling bullet. The sling bullet hits the orc!
You kill the orc!
There is a stone staircase leading down here.
You now have 116 gold pieces (gained 14).
Things that are here:
a +0 club; an orc corpse
There is an open door here.
There is an open door here.
An orc is nearby!
You shoot a sling bullet. The orc shouts!
The sling bullet hits the orc.
The orc is lightly wounded.
Things that are here:
a +0 dagger; an orc corpse You shoot a sling bullet.
The sling bullet barely misses the orc.
You shoot a sling bullet. The sling bullet hits the orc.
The orc is heavily wounded.
You shoot a sling bullet.
The sling bullet closely misses the orc.
You shoot a sling bullet. The sling bullet hits the orc.
The orc is severely wounded.
You sense an unholy aura.
a - a +0 dagger of draining (weapon)
You closely miss the orc.
The orc is severely wounded.
The orc barely misses you.
You closely miss the orc.
The orc is severely wounded.
The orc hits you with a +0 club.
You hit the orc.
You kill the orc!
No target in view!
b - a +1 sling (weapon)
v - a silvery potion You now have 145 gold pieces (gained 29).
Things that are here:
a +0 club; an orc corpse
Found an escape hatch in the floor.
A goblin comes into view. It is wielding a +0 dagger.
The goblin shouts!
You shoot a sling bullet.
The sling bullet barely misses the goblin.
You shoot a sling bullet. The sling bullet hits the goblin.
The goblin is severely wounded.
You shoot a sling bullet. The sling bullet hits the goblin.
You kill the goblin!
w - a scroll labelled KUEFOT PEBY You see here a +0 dagger.
A steam dragon is nearby!
Throw: 5 darts (poison)
Press: ? - help, Q - select action, (/) - cycle Shift-Dir - straight line, f - steam dragon
Aim: a steam dragon (60% to hit)
You throw a poisoned dart.
The poisoned dart hits the steam dragon.
The steam dragon is poisoned.
Throw: 4 darts (poison)
Press: ? - help, Q - select action, (/) - cycle Shift-Dir - straight line, f/p - steam dragon
Aim: a steam dragon (lightly wounded, poisoned, 60% to hit)
You throw a poisoned dart.
The poisoned dart barely misses the steam dragon.
The steam dragon breathes steam at you. The ball of steam misses you.
Unknown command.
Throw: 3 darts (poison)
Press: ? - help, Q - select action, (/) - cycle Shift-Dir - straight line, f/p - steam dragon
Aim: a steam dragon (steam, lightly wounded, 60% to hit)
You throw a poisoned dart.
The poisoned dart barely misses the steam dragon.
The steam dragon breathes steam at you. The ball of steam misses you.
The steam dragon breathes steam at you. The ball of steam misses you.
You hear a shout! x2
There is a stone staircase leading down here.
You climb downwards.
There is a stone staircase leading up here.
You sense an unholy aura.
a - a +0 dagger of draining (weapon)
Unknown command.
Throw: 2 darts (poison)
Press: ? - help, Q - select action, (/) - cycle Shift-Dir - straight line, f - scorpion
Aim: a scorpion (60% to hit)
You throw a poisoned dart. The poisoned dart hits the scorpion.
The scorpion is poisoned.
Throw: dart (poison)
Press: ? - help, Q - select action, (/) - cycle Shift-Dir - straight line, f/p - scorpion
Aim: a scorpion (lightly wounded, poisoned, 60% to hit)
You throw a poisoned dart.
The poisoned dart barely misses the scorpion.
The scorpion completely misses you.
You hit the scorpion. Your punch misses the scorpion.
The scorpion is heavily wounded.
The scorpion misses you.
You hit the scorpion but do no damage. You drain the scorpion.
The scorpion is severely wounded.
The scorpion stings you but does no damage.
You closely miss the scorpion.
The scorpion is almost dead.
You kill the scorpion!
You have reached level 6!
Your experience leads to a dramatic increase in your attributes!
Increase (S)trength, (I)ntelligence, or (D)exterity?
You feel agile. x4
You see here a scorpion corpse.
You closely miss the quokka. The quokka completely misses you.
You closely miss the quokka.
The quokka bites you but does no damage.
You closely miss the quokka.
The quokka bites you but does no damage.
You closely miss the quokka. The quokka closely misses you.
The quokka misses you.
You hit the quokka. You drain the quokka.
You kill the quokka!
Found a stone staircase leading down.
You see here a quokka corpse.
g - a poisoned dart
There is a stone staircase leading up here.
A gnoll comes into view. It is wielding a +0 flail.
A gnoll and a hound come into view.
Found a flail.
There is a stone staircase leading up here.
b - a +1 sling (weapon)
You shoot a sling bullet. The sling bullet hits the gnoll.
The gnoll is lightly wounded.
You shoot a sling bullet. The sling bullet hits the gnoll.
The gnoll is heavily wounded.
You shoot a sling bullet. The sling bullet hits the gnoll.
The gnoll is severely wounded.
You sense an unholy aura.
a - a +0 dagger of draining (weapon)
The gnoll hits you with a +0 flail.
You hit the gnoll but do no damage. You drain the gnoll.
The gnoll is severely wounded.
The gnoll hits you but does no damage.
You hit the gnoll.
You kill the gnoll!
Your Stealth skill increases to level 3!
You see here a scorpion corpse.
b - a +1 sling (weapon)
Found a stone staircase leading up.
A water moccasin comes into view.
The water moccasin moves out of view.
Found 7 gold pieces.
There is a stone staircase leading up here.
You climb upwards.
Level annotation: exclusion: steam dragon
There is a stone staircase leading down here.
A kobold comes into view. It is wielding a +0 dagger.
Found a runed iron ring.
You shoot a sling bullet. The sling bullet hits the kobold.
You kill the kobold!
You see here a +0 dagger.
You are caught in the web!
x - a ring of ice
There is a web here.
You disentangle yourself.
Found an escape hatch in the ceiling.
Unknown command.
A jackal comes into view.
The jackal moves out of view.
A jackal is nearby!
You shoot a sling bullet. The jackal barks!
The sling bullet hits the jackal but does no damage.
You hear an angry hiss.
You hear a shout!
You shoot a sling bullet. The sling bullet hits the jackal.
You kill the jackal!
A scorpion comes into view.
You shoot a sling bullet.
The sling bullet barely misses the scorpion.
An adder comes into view.
You sense an unholy aura.
a - a +0 dagger of draining (weapon)
The scorpion barely misses you. The scorpion attacks as you move away!
The scorpion completely misses you.
A quokka comes into view.
A hobgoblin comes into view.
The quokka moves out of view.
The scorpion completely misses you.
You closely miss the scorpion.
The scorpion stings you but does no damage.
You closely miss the scorpion. The scorpion stings you.
You completely miss the scorpion. The scorpion closely misses you.
You hit the scorpion but do no damage. You drain the scorpion.
You punch the scorpion, but do no damage.
The scorpion is moderately wounded.
The scorpion closely misses you. The scorpion misses you.
You barely miss the scorpion.
The scorpion is moderately wounded.
The scorpion closely misses you.
You hit the scorpion but do no damage. You drain the scorpion.
The scorpion is heavily wounded.
The scorpion barely misses you.
You closely miss the scorpion.
The scorpion is heavily wounded.
The scorpion misses you.
You barely miss the scorpion.
The scorpion is heavily wounded.
The scorpion stings you but does no damage.
You hit the scorpion. You drain the scorpion.
The scorpion is severely wounded.
The scorpion barely misses you. The scorpion completely misses you.
You barely miss the scorpion.
The scorpion is severely wounded.
The scorpion stings you but does no damage.
You hit the scorpion. You drain the scorpion.
You kill the scorpion!
You hit the adder.
The adder is moderately wounded.
The adder bites you.
You are poisoned.
The adder poisons you! The adder bites you but does no damage.
You hit the adder.
The adder is severely wounded.
You feel sick. The adder closely misses you.
You hit the adder. You drain the adder.
You kill the adder!
You feel sick.
You hit the hobgoblin.
The hobgoblin is moderately wounded.
You feel sick. The hobgoblin hits you.
You closely miss the hobgoblin.
The hobgoblin is moderately wounded.
You feel sick. The hobgoblin hits you.
You closely miss the hobgoblin.
The hobgoblin is moderately wounded.
You feel sick.
You are no longer poisoned.
The hobgoblin completely misses you.
You hit the hobgoblin. You drain the hobgoblin.
You kill the hobgoblin!
Things that are here:
an adder corpse; a scorpion corpse
b - a +1 sling (weapon)
You start resting.
HP restored.
Things that are here:
an adder corpse; a scorpion corpse
Found a trident.
An orc comes into view. It is wielding a +0 mace.
You shoot a sling bullet. The sling bullet hits the orc.
The orc shouts!
The orc is almost dead.
You shoot a sling bullet.
The sling bullet closely misses the orc.
You shoot a sling bullet.
The sling bullet hits the orc but does no damage.
The orc is almost dead.
You shoot a sling bullet.
The sling bullet closely misses the orc.
The orc hits you with a +0 mace.
You sense an unholy aura.
a - a +0 dagger of draining (weapon)
You hit the orc.
You kill the orc!
No target in view!
b - a +1 sling (weapon)
You now have 165 gold pieces (gained 20).
Found a ring mail.
You now have 169 gold pieces (gained 4).
You see here a +0 ring mail.
Found 3 stones.
Found a stone staircase leading down.
There is a stone staircase leading down here.
Natasha, Servant of Life and Death comes into view.
You sense an unholy aura.
a - a +0 dagger of draining (weapon)
Found 7 stones.
Found a ruby potion.
Found a scroll labelled MICLEE XISOI.
There is an open door here.
b - a +1 sling (weapon)
z - a ruby potion
p - 3 scrolls labelled MICLEE XISOI (gained 1)
A worm comes into view.
The worm moves out of view.
You shoot a sling bullet. The sling bullet hits the worm!
The worm is severely wounded.
You shoot a sling bullet. The sling bullet hits the worm.
The worm is severely wounded.
You shoot a sling bullet. The sling bullet hits the worm.
You kill the worm!
You hear a shout! x2
No target in view!
An orc priest is nearby!
You shoot a sling bullet.
The sling bullet closely misses the orc priest.
The orc priest shouts!
You shoot a sling bullet. The sling bullet hits the orc priest.
The orc priest is moderately wounded.
The orc priest casts a cantrip, but nothing happens.
You shoot a sling bullet.
The sling bullet hits the orc priest but does no damage.
The orc priest is moderately wounded.
You shoot a sling bullet. The sling bullet hits the orc priest.
The orc priest is severely wounded.
You sense an unholy aura.
a - a +0 dagger of draining (weapon)
The orc priest barely misses you.
You closely miss the orc priest.
The orc priest is severely wounded.
The orc priest hits you with a +1 whip of venom.
You hit the orc priest.
You kill the orc priest!
Your Ranged Weapons skill increases to level 5!
You hit the orc. You drain the orc.
You kill the orc!
y - a ring of see invisible You now have 176 gold pieces (gained 7).
Items here: )) [ ††.
Okay, then.
b - a +1 sling (weapon)
y - a ring of see invisible (right hand)
g - 2 poisoned darts (gained 1)
g - 3 poisoned darts (gained 1)
An endoplasm comes into view.
The endoplasm moves out of view.
g - 4 poisoned darts (gained 1)
An endoplasm is nearby!
You shoot a sling bullet. The endoplasm quivers.
The sling bullet hits the endoplasm!
You kill the endoplasm!
No target in view!
There is an open door here.
A jackal comes into view.
You shoot a sling bullet. The sling bullet hits the jackal!
You kill the jackal!
No target in view!
You see here a jackal corpse.
There is an open door here.
There is an open door here.
Items here: )) [ ††.
Natasha hisses angrily.
You sense an unholy aura.
a - a +0 dagger of draining (weapon)
Natasha mumbles some strange words.
Natasha misses you.
You hit Natasha but do no damage. You drain Natasha.
Natasha is lightly wounded.
Natasha misses you.
You miss Natasha.
Natasha is lightly wounded.
Natasha claws you but does no damage. The crimson imp closely misses you.
You closely miss Natasha.
Natasha is lightly wounded.
Natasha claws you. The crimson imp closely misses you.
You hit Natasha.
Natasha is moderately wounded.
Natasha closely misses you.
The crimson imp blinks!
You closely miss Natasha.
Natasha is moderately wounded.
Natasha stares at you and mumbles some strange words.
You feel yourself slow down.
You closely miss Natasha.
Natasha is moderately wounded.
Natasha claws you but does no damage.
Natasha casts a spell.
You hit Natasha but do no damage. You drain Natasha.
Natasha is heavily wounded.
Natasha misses you. The crimson imp completely misses you.
You hit Natasha but do no damage. You drain Natasha.
Natasha is severely wounded.
Natasha closely misses you. The crimson imp closely misses you.
Natasha mumbles some strange words.
Natasha's front paws start to glow.
Natasha closely misses you. The crimson imp hits you.
You hit Natasha.
You kill Natasha!
Natasha screams in pain as she dies!
The crimson imp disappears in a puff of smoke! x2
b - a +1 sling (weapon)
You start resting.
HP restored.
You feel yourself speed up.
There is an open door here.
Done exploring.
There is an open door here.
Items here: )) [ ÷÷.
You sense an unholy aura.
a - a +0 dagger of draining (weapon)
You hit the steam dragon but do no damage.
The steam dragon breathes steam at you. The ball of steam hits you!
The steam dragon breathes steam at you. The ball of steam misses you.
The steam dragon completely misses you. The steam dragon barely misses you.
You hit the steam dragon but do no damage.
The steam dragon bites you. The steam dragon completely misses you.
You barely miss the steam dragon. The steam dragon closely misses you.
The steam dragon barely misses you.
You hit the steam dragon. You drain the steam dragon.
The steam dragon is moderately wounded.
The steam dragon breathes steam at you. The ball of steam hits you.
You hit the steam dragon.
The steam dragon is moderately wounded.
You are engulfed in a cloud of scalding steam.
The steam dragon breathes steam at you. The ball of steam misses you.
The steam dragon completely misses you. x2
You hit the steam dragon.
The steam dragon is moderately wounded.
The steam dragon bites you. The steam dragon barely misses you.
You hit the steam dragon. You drain the steam dragon.
The steam dragon is heavily wounded.
The steam dragon bites you but does no damage.
The steam dragon closely misses you.
You closely miss the steam dragon.
The steam dragon is heavily wounded.
The steam dragon breathes steam at you. The ball of steam hits you!
* * * LOW HITPOINT WARNING * * *
You hear an angry hiss.
The steam dragon completely misses you. x2
It was a potion of attraction.
You feel attractive to monsters. The steam dragon bites you.
* * * LOW HITPOINT WARNING * * *
The steam dragon misses you.
Natasha, Servant of Life and Death comes into view.
The quokka is attracted toward you. Natasha is attracted toward you.
It was a potion of berserk rage.
A red film seems to cover your vision as you go berserk!
You feel yourself moving faster!
You feel mighty! The steam dragon barely misses you.
The steam dragon misses you. Natasha is attracted toward you.
You hit the steam dragon. You drain the steam dragon.
The steam dragon is almost dead.
You are engulfed in a cloud of scalding steam.
* * * LOW HITPOINT WARNING * * *
The quokka completely misses you. The steam dragon completely misses you.
The steam dragon misses you.
Unknown command.
Unknown command.
You puncture the steam dragon!
You kill the steam dragon!
You are engulfed in a cloud of scalding steam.
You die...

Skill      XL: |  1  2  3  4  5  6 |
---------------+-------------------+-----
Ranged Weapons | 2 3 4 5 |  5.1
Dodging        | 2 3 |  3.6
Stealth        | 1 2 3 |  3.3
Fighting       | |  0.8
Spellcasting   | |  1.0
Hexes          | |  2.6

Action                     |  1- 3 |  4- 6 || total
---------------------------+-------+-------++-------
  Melee: Dagger            |    24 |   125 ||   149
         Quarterstaff      |       |    28 ||    28
         Punch             |       |     2 ||     2
   Fire: Sling             |   145 |    86 ||   231
  Throw: Dart              |       |     5 ||     5
    Use: Potion            |       |     2 ||     2
   Stab: Sleeping          |       |     3 ||     3
 Armour: Robe              |    23 |    40 ||    63
  Dodge: Dodged            |    60 |   115 ||   175

Levels and vault maps discovered:
D:1:      dpeg_arrival_snail, layout_basic
D:2:      layout_basic, minmay_worlds_worst_comb
D:3:      layout_basic, lemuel_crystal_altar, bloody_trog,
          mainiacjoe_overflow_six_doors_small, chequers_ecumenical_altar_island,
          chequers_serial_rivers_micro_e, kennysheep_another_room
D:4:      layout_basic, hangedman_decor_riveting, grunt_ministairs_3,
          corner_web_ring, uniq_natasha
D:5:      layout_cave_pools, chequers_temple_overflow_minitemple,
          minmay_temple_entry_fiery, hangedman_decor_diamond_cutter

Notes
Turn   | Place    | Note
-------+----------+-------------------------------------------
     0 | D:1      | scionoferis the Demigod Hexslinger began the quest for the
                  | Orb.
     0 | D:1      | Reached XP level 1. HP: 15/15 MP: 4/4
   125 | D:1      | Reached skill level 2 in Ranged Weapons
   155 | D:1      | Reached skill level 2 in Dodging
   162 | D:1      | Reached XP level 2. HP: 22/22 MP: 5/5
   301 | D:1      | Reached skill level 1 in Stealth
   450 | D:1      | Reached XP level 3. HP: 22/27 MP: 6/6
   816 | D:2      | Reached skill level 3 in Ranged Weapons
  1182 | D:2      | Reached XP level 4. HP: 19/34 MP: 8/8
  1740 | D:3      | Got the Tome of Breath
  2244 | D:4      | Noticed a steam dragon
  2300 | D:4      | Noticed a phantom
  2396 | D:4      | Reached skill level 2 in Stealth
  2718 | D:4      | Killed a phantom
  2719 | D:4      | Reached skill level 4 in Ranged Weapons
  2719 | D:4      | Reached skill level 3 in Dodging
  2719 | D:4      | Reached XP level 5. HP: 15/39 MP: 9/9
  2832 | D:4      | Noticed Natasha
  2890 | D:4      | Killed Natasha
  3103 | D:5      | Entered Level 5 of the Dungeon
  3115 | D:5      | Reached XP level 6. HP: 46/46 MP: 10/10
  3139 | D:5      | Reached skill level 3 in Stealth
  3160 | D:5      | Noticed a water moccasin
  3417 | D:4      | Noticed Natasha
  3483 | D:4      | Reached skill level 5 in Ranged Weapons
  3646 | D:4      | Killed Natasha
  3705 | D:4      | HP: 3/46 [steam dragon (3)]
  3705 | D:4      | Noticed Natasha
  3707 | D:4      | HP: 1/69 [steam dragon] (4)]
  3708 | D:4      | Killed a steam dragon
  3708 | D:4      | Engulfed by a cloud of steam

Vanquished Creatures
  A steam dragon (D:4)
  A phantom (D:4)
  3 scorpions (D:4 D:5)
  An orc priest (D:4)
  Natasha (twice) (D:4)
  A gnoll (D:5)
  4 adders (D:2 D:3 D:4)
  5 worms (D:2 D:3 D:4)
  3 dart slugs (D:1 D:2)
  14 orcs (D:3 D:4)
  12 bats (D:1 D:2 D:3)
  5 endoplasms (D:1 D:2 D:3 D:4)
  3 giant cockroaches (D:2)
  10 goblins (D:1 D:2 D:3 D:4)
  8 hobgoblins (D:1 D:2 D:3 D:4)
  5 jackals (D:2 D:4)
  5 quokkas (D:1 D:2 D:3 D:5)
  4 ball pythons (D:1 D:3)
  4 frilled lizards (D:1 D:2 D:3)
  6 kobolds (D:1 D:3 D:4)
  11 rats (D:1 D:2 D:3)
108 creatures vanquished.

Table legend: (Time is in decaauts)
 A = Elapsed time spent in this place.
 B = Non-inter-level travel time spent in this place.
 C = Inter-level travel time spent in this place.
 D = Time resting spent in this place.
 E = Time spent auto-exploring this place.
 F = Levels seen in this place.
 G = Mean time per level.
                   A        B        C        D        E       F      G
               +--------+--------+--------+--------+--------+-----+--------+
         Total |   3767 |   3440 |    327 |    287 |   2191 |   5 |  753.4 |
       Dungeon |   3767 |   3440 |    327 |    287 |   2191 |   5 |  753.4 |
               +--------+--------+--------+--------+--------+-----+--------+

Top non-repeatable levels by time:
     D:3: 1321 daAuts
     D:4: 1000 daAuts
     D:2: 702 daAuts
     D:1: 677 daAuts
     D:5: 65 daAuts

Table legend:
 A = Non-vault XP
 B = Vault XP
 C = Vault XP percentage of total XP
 D = Non-vault monster count
 E = Vault monster count
 F = Vault count percentage of total count
                 A         B        C        D         E       F
            +---------+---------+-------+---------+---------+-------
      Total |     865 |      42 |   4.6 |     102 |       6 |   5.6
            +---------+---------+-------+---------+---------+-------
        D:1 |      54 |       0 |   0.0 |      34 |       0 |   0.0
        D:2 |      66 |       6 |   8.3 |      20 |       3 |  13.0
        D:3 |      53 |       3 |   5.4 |      18 |       2 |  10.0
        D:4 |     592 |      33 |   5.3 |      27 |       1 |   3.6
        D:5 |     100 |       0 |   0.0 |       3 |       0 |   0.0
            +---------+---------+-------+---------+---------+-------
